 Dungeon Crawl Stone Soup version 0.28.0-53-g5a82cb258f (webtiles) character file.

Game seed: 13649022613796586387

22430 Zeld the Thaumaturge (level 12, -6/81 HPs)
             Began as a Grey Draconian Conjurer on June 6, 2022.
             Was an Initiate of Gozag.
             Shot with an arrow by a centaur warrior (16 damage)
             ... on level 13 of the Dungeon.
             The game lasted 00:35:15 (33898 turns).

Zeld the Thaumaturge (Grey Draconian Conjurer)     Turns: 33898, Time: 00:35:16

Health: -6/81      AC: 16    Str: 11    XL:     12   Next: 62%
Magic:  2/27       EV: 18    Int: 23    God:    Gozag
Gold:   139        SH:  0    Dex:  9    Spells: 6/33 levels left

rFire   . . .      SeeInvis .   (no weapon)
rCold   + + +      Faith    .   (no shield)
rNeg    . . .      Spirit   .   (armour unavailable)
rPois   .          Reflect  .   (helmet restricted)
rElec   .          Harm     .   I - +0 cloak
rCorr   .          Rampage  .   O - +0 pair of gloves
Will    +....                   w - +0 pair of boots {Fly}
Stlth   +++.......              B - amulet of regeneration
HPRegen 1.03/turn               t - ring of willpower
MPRegen 0.20/turn               D - ring "Zutzack" {rC+++ EV+4}

@: flying
A: AC +13, amphibious, unfitting armour, cold-blooded
a: Renounce Religion, Potion Petition, Call Merchant, Bribe Branch


You were on level 13 of the Dungeon.
You worshipped Gozag.
Gozag was aware of your devotion.
You visited 4 branches of the dungeon, and saw 16 of its levels.
You also visited: Sewer and Bailey.

You collected 2751 gold pieces.
You spent 1043 gold pieces at shops.
You paid 1569 gold pieces to Gozag.

Inventory:

Armour
 w - a +0 pair of boots of flying (worn)
 I - a +0 cloak (worn)
 O - a +0 pair of gloves (worn)
Jewellery
 t - a ring of willpower (left hand)
 B - an amulet of regeneration (around neck)
 D - the ring "Zutzack" (right hand) {rC+++ EV+4}
   (You took it off an orc knight in a bailey)

   [ring of evasion]

   EV:        It affects your evasion (+4).
   rC:        It renders you almost immune to cold.
Wands
 q - a wand of flame (34)
 v - a wand of digging (11)
 K - a wand of charming (4)
 N - a wand of paralysis (1)
 P - a wand of polymorph (4)
Scrolls
 a - 5 scrolls of magic mapping
 l - 3 scrolls of enchant armour
 s - a scroll of amnesia
 y - a scroll of torment {unknown}
 E - a scroll of silence {unknown}
 F - 2 scrolls of brand weapon {unknown}
 G - 2 scrolls of enchant weapon
 H - 2 scrolls of fear {unknown}
 J - a scroll of acquirement {unknown}
Potions
 b - a potion of ambrosia {unknown}
 c - 4 potions of berserk rage
 e - a potion of invisibility {unknown}
 f - 2 potions of resistance {unknown}
 g - a potion of cancellation {unknown}
 i - 2 potions of haste {unknown}
 j - 4 potions of mutation
 n - 3 potions of curing
 o - 3 potions of flight
 z - a potion of might {unknown}
 L - a potion of lignification {unknown}
 Q - a potion of degeneration {unknown}
Miscellaneous
 k - a condenser vane (inert)
 A - a piece from Xom's chessboard (15/15)


   Skills:
 + Level 7.8 Dodging
 + Level 6.5 Stealth
 * Level 11.0 Spellcasting
 + Level 9.4 Conjurations
 - Level 2.0 Hexes
 - Level 2.0 Translocations
 * Level 7.4 Fire Magic
 * Level 8.9 Evocations


You had 6 spell levels left.
You knew the following spells:

 Your Spells              Type           Power      Damage    Failure   Level
a - Magic Dart            Conj           100%       1d8       1%          1
b - Searing Ray           Conj           100%       2d8       1%          2
c - Fulminant Prism       Conj/Hex       19%        3d11      4%          4
d - Iskenderun's Mystic   Conj/Tloc      39%        2d9       4%          4
e - Fireball              Conj/Fire      25%        3d11      4%          5
f - Starburst             Conj/Fire      25%        6d8       24%         6
s - Stone Arrow           Conj/Erth      68%        3d11      2%          3
z - Passwall              Tmut/Erth      10%        N/A       8%          2

Your spell library contained the following spells:

 Spells                   Type           Power      Damage    Failure   Level
 Static Discharge         Conj/Air       34%        N/A       1%          2
 Dazzling Flash           Conj/Hex       78%        N/A       1%          3
 Sticky Flame             Conj/Fire      51%        2d7       1%          4
 Sandblast                Erth           24%        2d8       4%          1
 Sting                    Tmut/Pois      48%        1d5       4%          1
 Ensorcelled Hibernation  Hex/Ice        34%        N/A       4%          2
 Poisonous Vapours        Pois/Air       24%        N/A       8%          2
 Swiftness                Air            12%        N/A       16%         3
 Dispel Undead            Necr           12%        3d9       45%         4
 Olgreb's Toxic Radiance  Pois           12%        N/A       45%         4
 Ignition                 Fire           23%        3d8       100%        8


Dungeon Overview and Level Annotations

Branches:
Dungeon (13/15)            Temple (1/1) D:4            Lair (1/6) D:10
    Orc (1/2) D:10          Sewer (visited)          Bailey (visited)
 Vaults: D:13-14

Altars:
Ashenzari
Cheibriados
Dithmenos
Elyvilon
Fedhas
Gozag
Hepliaklqana
Kikubaaqudgha
Makhleb
Nemelex Xobeh
Okawaru
Qazlal
Ru
Sif Muna
Trog
Uskayaw
Vehumet
Wu Jian
Xom
Yredelemnul
Zin
The Shining One

Shops:
D:4 :([   D:6 (   D:9 *   D:12 (

Annotations:
Lair:1 Urug


Innate Abilities, Weirdness & Mutations

Your dull iron-grey scales are very hard. (AC +13)
You are amphibious.
You cannot fit into any form of body armour.
You are cold-blooded and may be slowed by cold attacks.


Message History

The troll barely misses you.
Unknown command.
Unknown command.
The wraith closely misses you. The troll bites you!
* * * LOW HITPOINT WARNING * * *
The troll completely misses you. The troll claws you but does no damage.
The slime creature closely misses you.
The boulder beetle leaps!
Unknown command.
Unknown command.
The troll closely misses you. The troll claws you but does no damage.
The troll closely misses you.
Found a scroll of amnesia.
The boulder beetle leaps!
Your magical contamination has completely faded away.
Found an escape hatch in the ceiling.
Two slime creatures merge to form a large slime creature.
The boulder beetle curls into a ball and begins rolling!
Two slime creatures merge to form an enormous slime creature.
Found a scroll of teleportation.
Casting: Iskenderun's Mystic Blast (dangerous; 4% risk of failure)
Confirm with . or Enter, or press ? or * to list all spells.
You erupt in a blast of force!
The mystic blast hits the wraith!
The wraith is almost destroyed.
The wraith is knocked back by the mystic blast.
The mystic blast hits the boulder beetle!
The boulder beetle is lightly wounded.
The mystic blast hits the troll!
The troll is lightly wounded.
The troll is knocked back by the mystic blast.
You hear a shout!
The boulder beetle hits you but does no damage.
The boulder beetle stops rolling and uncurls.
Unknown command.
The boulder beetle bites you!
* * * LOW HITPOINT WARNING * * *
The boulder beetle curls into a ball and begins rolling!
Found 10 gold pieces.
The centaur warrior shouts!
The centaur warrior shoots an arrow.
The arrow hits you!
You die...
Your body crumbles into a pile of gold.

...........c###.○.....##
.............#.........#
...................$..##
.................##..##
.../................##
.................#.<###
....#............#$#..##
...##..................$.
..........c.°°..@.........#
.........JW#J.B..........##
...........###T..###....##
.?..........##R...# #####
..###........○......# <.
#.........#........ ..
#..#...R°.##........ ..
..##................ ...
#....○......$...


You could see a boulder beetle (rolling), a large slime creature, a slime
creature, a centaur warrior, a troll, an efreet and a wraith.

Vanquished Creatures
  Harold (D:8)
  Erica (D:8)
  3 hydras (D:12)
  A death knight (D:13)
  2 two-headed ogres
  3 skeletal warriors
  2 orc knights (Bailey)
  The ghost of safid the Cleaver, a novice HOFi of Beogh (D:7)
  A deep elf pyromancer (D:12)
  2 manticores
  2 ugly things
  A cyclops (D:12)
  Joseph (D:8)
  3 gargoyles
  A kobold demonologist (D:5)
  A polar bear (Lair:1)
  2 trolls
  Grinder (D:6)
  A snapping turtle (Bailey)
  3 wraiths
  Sigmund (D:3)
  2 shadows
  A basilisk (D:10)
  18 yaks
  2 steam dragons (D:7)
  A wyvern (D:9)
  Menkaure (D:6)
  4 vampire mosquitoes (D:12)
  An acid dragon (D:9)
  A water moccasin (D:8)
  2 black bears
  10 orc warriors
  An ice beast (D:5)
  4 sky beasts (D:7)
  3 ogres
  6 centaurs
  A phantom (D:4)
  2 kobold brigands
  2 bullfrogs (Sewer)
  A gnoll sergeant (D:12)
  A wyvern zombie (D:5)
  3 scorpions
  21 killer bees
  3 wights
  3 howler monkeys
  2 bullfrog zombies (D:6)
  2 centaur zombies
  Crazy Yiuf (D:6)
  3 orc priests
  5 hounds
  2 jellies
  2 centaur skeletons
  3 iguanas (D:5)
  A bullfrog skeleton (D:5)
  5 orc wizards
  Natasha (thrice) (D:3)
  A hound zombie (D:5)
  11 adders
  5 gnolls (D:12)
  2 white imps
  2 ufetubi
  An adder skeleton (D:5)
  A worm (D:2)
  44 orcs
  3 endoplasms
  16 giant cockroaches
  9 goblins
  9 hobgoblins
  5 jackals
  12 kobolds
  6 quokkas
  13 ball pythons
  6 bats
  12 frilled lizards
  9 rats
  A spectral hobgoblin (D:11)
325 creatures vanquished.

Vanquished Creatures (others)
  An orc (D:8)
  17 fulminant prisms
  16 plants (D:10)
34 creatures vanquished.

Grand Total: 359 creatures vanquished

Notes
Turn   | Place    | Note
-------+----------+-------------------------------------------
     0 | D:1      | Zeld the Draconian Conjurer began the quest for the Orb.
     0 | D:1      | Reached XP level 1. HP: 14/14 MP: 3/3
   415 | D:1      | Reached XP level 2. HP: 20/20 MP: 0/5
   418 | D:1      | Learned a level 2 spell: Searing Ray
   577 | D:1      | Reached skill level 1 in Translocations
   741 | D:1      | Reached skill level 1 in Hexes
  1212 | D:1      | Found a faded altar of an unknown god.
  1356 | D:2      | Reached XP level 3. HP: 21/26 MP: 0/6
  2290 | D:3      | Found a glowing drain.
  2302 | Sewer    | Entered a sewer
  2448 | Sewer    | Reached XP level 4. HP: 33/33 MP: 3/7
  2456 | Sewer    | Learned a level 4 spell: Iskenderun's Mystic Blast
  2973 | Sewer    | Noticed a bullfrog
  3007 | Sewer    | Killed a bullfrog
  3008 | Sewer    | Reached skill level 3 in Spellcasting
  3008 | Sewer    | Reached XP level 5. HP: 38/38 MP: 4/9
  3474 | Sewer    | Learned a level 4 spell: Fulminant Prism
  3726 | D:3      | Noticed Sigmund
  3898 | D:3      | Killed Sigmund
  3899 | D:3      | Reached skill level 4 in Spellcasting
  3899 | D:3      | Reached skill level 5 in Conjurations
  3899 | D:3      | Reached XP level 6. HP: 45/45 MP: 5/12
  4279 | D:3      | Noticed Natasha
  4286 | D:3      | Killed Natasha
  4816 | D:3      | Noticed Natasha
  4823 | D:3      | Killed Natasha
  4932 | D:3      | Noticed Natasha
  4936 | D:3      | Killed Natasha
  5073 | D:3      | You fall into a shaft and drop 2 floors!
  5073 | D:5      | Entered Level 5 of the Dungeon
  5093 | D:5      | Your scales start taking on a dull iron-grey colour.
  5093 | D:5      | Reached XP level 7. HP: 29/50 MP: 1/13
  5497 | D:4      | Found Jeir's Antique Weapon Emporium.
  5775 | D:4      | Found Qoapes's Book Shop.
  5954 | D:4      | Found George's Dragon-Slaying Spoils.
  6018 | D:4      | Reached skill level 5 in Spellcasting
  6184 | D:4      | Learned a level 3 spell: Stone Arrow
  6187 | D:4      | Learned a level 2 spell: Passwall
  6276 | D:4      | Found a staircase to the Ecumenical Temple.
  6365 | Temple   | Entered the Ecumenical Temple
  6610 | Temple   | Became a worshipper of Gozag Ym Sagoz the Greedy
  7698 | D:5      | Reached XP level 8. HP: 57/57 MP: 6/16
  7775 | D:4      | Reached skill level 6 in Spellcasting
  8430 | D:5      | Noticed a kobold demonologist
  8998 | D:5      | Killed a kobold demonologist
  8999 | D:5      | Reached skill level 7 in Spellcasting
  9122 | D:5      | Reached skill level 5 in Dodging
  9575 | D:6      | Found a runed translucent door.
  9576 | D:6      | Noticed Crazy Yiuf
  9624 | D:6      | Noticed a two-headed ogre
  9635 | D:6      | Killed a two-headed ogre
  9636 | D:6      | Reached XP level 9. HP: 62/62 MP: 0/20
 10017 | D:6      | Noticed Menkaure
 10029 | D:6      | Killed Menkaure
 10350 | D:6      | Noticed Grinder
 10361 | D:6      | Paralysed by Grinder for 3 turns
 10378 | D:6      | Killed Grinder
 10379 | D:6      | Reached skill level 8 in Spellcasting
 11006 | D:6      | Found Ketajur's Antique Weapon Shoppe.
 11111 | D:6      | Killed Crazy Yiuf
 12145 | D:7      | Reached XP level 10. HP: 64/69 MP: 6/22
 12591 | D:4      | Bought a book of Fire for 616 gold pieces
 13223 | D:7      | Found a large runed translucent door.
 13223 | D:7      | Found a large runed translucent door.
 13227 | D:7      | Noticed safid's ghost (novice HOFi)
 13838 | D:8      | Found a shadowy altar of Dithmenos.
 13895 | D:8      | Reached skill level 1 in Fire Magic
 13911 | D:8      | Reached skill level 5 in Evocations
 14248 | D:8      | Noticed Harold
 14514 | D:9      | Learned a level 5 spell: Fireball
 14916 | D:9      | Reached skill level 9 in Spellcasting
 15276 | D:9      | Identified the +11 longbow of the End of Times {venom, rF+}
 15484 | D:9      | Bought a potion of heal wounds for 75 gold pieces
 15484 | D:9      | Bought a scroll of enchant weapon for 112 gold pieces
 16608 | D:8      | Noticed Erica
 17188 | D:10     | Entered Level 10 of the Dungeon
 17204 | D:10     | Reached XP level 11. HP: 74/74 MP: 1/24
 17274 | D:10     | Found a flagged portal.
 17283 | Bailey   | Entered a bailey
 17427 | Bailey   | Learned a level 6 spell: Starburst
 17608 | Bailey   | Noticed an orc knight
 17800 | Bailey   | Noticed an orc knight
 17800 | Bailey   | Noticed an orc knight
 17855 | Bailey   | an orc knight changed into a snapping turtle
 18195 | Bailey   | Identified the ring "Zutzack" {rC+++ EV+4}
 18233 | Bailey   | Killed an orc knight
 18637 | Bailey   | Noticed an orc knight
 19095 | Bailey   | Killed an orc knight
 19096 | Bailey   | Reached skill level 5 in Stealth
 20348 | D:10     | Found a staircase to the Lair.
 20456 | D:10     | Found a staircase to the Orcish Mines.
 21673 | D:11     | Noticed a red ugly thing
 21845 | Orc:1    | Entered Level 1 of the Orcish Mines
 22346 | D:11     | Reached skill level 5 in Fire Magic
 22425 | D:11     | Noticed a skeletal warrior
 22790 | D:11     | Noticed a skeletal warrior
 22791 | D:11     | Noticed a skeletal warrior
 22792 | D:11     | Noticed a skeletal warrior
 22957 | Lair:1   | Entered Level 1 of the Lair of Beasts
 22960 | Lair:1   | Reached skill level 10 in Spellcasting
 22964 | Lair:1   | Noticed a seven-headed hydra
 22969 | Lair:1   | Noticed Urug
 23587 | D:12     | Noticed a deep elf pyromancer
 23591 | D:12     | Killed a deep elf pyromancer
 23666 | D:12     | Noticed a four-headed hydra
 23672 | D:12     | Killed a four-headed hydra
 24439 | D:12     | Noticed an eight-headed hydra
 24444 | D:12     | Killed an eight-headed hydra
 24444 | D:12     | Noticed a brown ugly thing
 24499 | D:12     | Killed a brown ugly thing
 24689 | D:12     | Reached XP level 12. HP: 42/81 MP: 1/26
 25599 | D:12     | Noticed a six-headed hydra
 25606 | D:12     | Killed a six-headed hydra
 25607 | D:12     | Noticed a two-headed ogre
 26546 | D:11     | Found a hazy altar of Hepliaklqana.
 27016 | D:8      | Killed Harold
 27289 | D:8      | Noticed Joseph
 27849 | D:8      | Killed Joseph
 28006 | D:8      | Killed Erica
 28276 | D:8      | Found a shadowy altar of Dithmenos.
 28376 | D:7      | Killed safid's ghost
 28638 | D:9      | Bought a potion of mutation for 120 gold pieces
 28638 | D:9      | Bought a potion of mutation for 120 gold pieces
 30325 | D:11     | Found a hazy altar of Hepliaklqana.
 30407 | D:10     | Found a staircase to the Lair.
 30420 | D:10     | Found a staircase to the Orcish Mines.
 31645 | D:10     | Found a staircase to the Lair.
 31715 | D:10     | Found a staircase to the Orcish Mines.
 32140 | D:11     | Found a hazy altar of Hepliaklqana.
 32416 | D:13     | Noticed a boulder beetle
 32416 | D:13     | Noticed a centaur warrior
 32607 | D:13     | Noticed a death knight
 32613 | D:13     | Killed a death knight
 32614 | D:13     | Reached skill level 11 in Spellcasting
 33222 | D:12     | Killed a two-headed ogre
 33891 | D:13     | HP: 3/81 [boulder beetle (17)]
 33898 | D:13     | Shot with an arrow by a centaur warrior

Illustrated notes

Levels and vault maps discovered:
D:1:      dpeg_arrival_orchard, layout_basic, dilly_ecumenical_altar_fadedgnrine
D:2:      layout_basic, st_stairs_4, chequers_jeans
D:3:      layout_loops_corners, portal_sewer_entry_b, uniq_sigmund, uniq_natasha
D:4:      layout_basic, minmay_temple_entry_antechambers, serial_shops, shop,
          shop, nicolae_shop_dragon_depot, kennysheep_another_room
D:5:      layout_loops_ring, hellmonk_bongcloud_opening, minmay_divided_ellipse
D:6:      layout_cave_pools, serial_shops, nicolae_shop_trees, st_stairs_3,
          lemuel_old_faithful, uniq_crazy_yiuf_cottage, uniq_grinder,
          uniq_menkaure
D:7:      layout_loops_corners, ebering_ghost_disaster_area,
          hangedman_misty_isle
D:8:      layout_basic, nicolae_dithmenos_through_a_glass_darkly, uniq_joseph,
          uniq_harold, uniq_erica
D:9:      layout_basic
D:10:     layout_irregular_city, dpeg_oklobed_lair, david_orc_3, enter_bailey_2
D:11:     layout_irregular_city, serial_column_ruins, column_ruins_grid_1,
          column_ruins_open_small_water, column_ruins_open_medium_water,
          column_ruins_columns_straight, column_ruins_open_tiny,
          nicolae_hepliaklqana_monster_ancestors
D:12:     layout_irregular_city
D:13:     layout_cave_pools
Temple:   mainiacjoe_temple_starburst
Lair:1:   layout_big_grid, chequers_serial_rivers_micro_a, grunt_megastairs_1,
          infiniplex_staircase_pool_2, uniq_maggie, uniq_urug
Orc:1:    layout_diamond_mine, basic_altar, lemuel_statue_altar

Skill      XL: |  1  2  3  4  5  6  7  8  9 10 11 12 |
---------------+-------------------------------------+-----
Translocations | 1 2 |  2.0
Hexes          | 1 2 |  2.0
Dodging        | 2 3 4 5 6 7 |  7.8
Spellcasting   | 3 4 5 7 8 9 10 11 | 11.0
Conjurations   | 5 6 7 8 9 |  9.4
Stealth        | 2 3 4 5 6 |  6.5
Evocations     | 2 4 6 7 8 |  8.9
Fire Magic     | 3 6 7 |  7.4

Action                   |  1- 3 |  4- 6 |  7- 9 | 10-12 || total
-------------------------+-------+-------+-------+-------++-------
Melee: Unarmed           |    72 |     1 |    43 |   177 ||   293
       Tailslap          |     8 |       |     5 |    32 ||    45
       Punch             |       |       |       |     6 ||     6
 Cast: Magic Dart        |    94 |    49 |    29 |    54 ||   226
       Searing Ray       |     1 |    22 |    48 |    46 ||   117
       Stone Arrow       |       |       |    24 |    15 ||    39
       Iskenderun's Myst |       |       |    35 |   197 ||   232
       Fulminant Prism   |       |       |     8 |     9 ||    17
       Fireball          |       |       |       |   108 ||   108
Invok: Call Merchant     |       |       |       |     2 ||     2
Evoke: Wand              |       |       |     1 |    36 ||    37
       Piece from Xom's  |       |       |       |     4 ||     4
       Condenser vane    |       |       |       |     1 ||     1
  Use: Scroll            |       |       |     1 |    13 ||    14
       Potion            |       |       |       |     7 ||     7
Armor: Skin              |    30 |     9 |    76 |   180 ||   295
Dodge: Dodged            |    48 |    17 |   126 |   374 ||   565
